 Dungeon Crawl Stone Soup version 0.32-a0-38-gb04dd89b9b (webtiles) character file.

Game seed: 4819498189981065805

8543 voltaire321 the Covered (level 11, -13/82 (83) HPs)
             Began as a Demonspawn Earth Elementalist on Jan 23, 2024.
             Was an Elder of Wu Jian.
             Incinerated by a deep elf pyromancer (23 damage)
             ... with a pyre arrow
             ... on level 8 of the Dungeon.
             The game lasted 00:26:00 (7869 turns).

voltaire321 the Covered (DsEE)                      Turns: 7869, Time: 00:26:00

HP:   -13/82 (83)   AC: 21    Str: 12    XL:     11   Next: 11%
MP:   12/18         EV:  9    Int: 22    God:    Wu Jian [****..]
Gold: 211           SH: 18    Dex: 16    Spells: 13/20 levels left

rFire   . . .        o - +7 mace "Loopy" {protect, *Noise rElec SInv}
rCold   . . .        D - +4 tower shield of Zatsoxul {rPois rN+ Dex+2}
rNeg    + . .        c - +2 ring mail {rPois}
rPois   +            (helmet restricted)
rElec   +            (no cloak)
rCorr   .            g - +0 pair of gloves
SInv    +            F - +0 pair of boots
Will    .....        k - amulet of regeneration
Stlth   +            r - +6 ring of intelligence
HPRegen 1.13/turn    (no ring)
MPRegen 0.16/turn

%: no passive effects
@: on fire, under a protective aura, very slightly contaminated, glowing,
lightly drained
A: antennae 2, molten scales 2, demonic guardian 2, powered by death 1
a: Renounce Religion, Wall Jump, Serpent's Lash


You were on level 8 of the Dungeon.
You worshipped Wu Jian.
Wu Jian was greatly pleased with you.
You visited 1 branch of the dungeon, and saw 8 of its levels.
You also visited: Bailey.

You collected 505 gold pieces.
You spent 294 gold pieces at shops.

Inventory:

Hand Weapons
 h - a +2 vampiric whip
 o - the +7 mace "Loopy" (weapon) {protect, *Noise rElec SInv}
   (You found it on level 4 of the Dungeon)

   rElec:     It insulates you from electricity.
   SInv:      It lets you see invisible.
   *Noise:    It may make a loud noise when swung.
 G - a +2 long sword
 M - a -1 demon whip of venom
Armour
 c - a +2 ring mail of poison resistance (worn)
 g - a +0 pair of gloves (worn)
 D - the +4 tower shield of Zatsoxul (worn) {rPois rN+ Dex+2}
   (You bought it in a shop on level 7 of the Dungeon)

   Dex+2:     It affects your dexterity (+2).
   rPois:     It protects you from poison rN+: It protects you from negative
   energy.
 F - a +0 pair of boots (worn)
Jewellery
 k - an amulet of regeneration (around neck)
 r - a +6 ring of intelligence (left hand)
 N - the amulet "Zauses" {RegenMP +Blink Will+ Str-4}
   (You found it on level 8 of the Dungeon)

   [amulet of magic regeneration]

   RegenMP:   It increases your rate of magic regeneration.
   Str-4:     It affects your strength (-4).
   Will+:     It increases your willpower.
   +Blink:    It lets you blink.
 O - an amulet of faith
Wands
 l - a wand of iceblast (16)
 x - a wand of charming (21)
 z - a wand of flame (16)
 L - a wand of mindburst (5)
Scrolls
 a - 9 scrolls of identify
 f - 2 scrolls of vulnerability {unknown}
 m - a scroll of enchant armour {unknown}
 s - a scroll of fear {unknown}
 t - 2 scrolls of revelation
 u - a scroll of immolation {unknown}
 w - a scroll of brand weapon {unknown}
 y - a scroll of blinking {unknown}
 E - a scroll of silence {unknown}
 H - a scroll of enchant weapon {unknown}
 I - 2 scrolls of fog {unknown}
 J - a scroll of acquirement {unknown}
 K - a scroll of amnesia {unknown}
Potions
 b - 2 potions of magic
 d - 5 potions of haste {unknown}
 e - 2 potions of enlightenment {unknown}
 i - 2 potions of curing {unknown}
 j - 2 potions of ambrosia {unknown}
 n - a potion of degeneration {unknown}
 p - a potion of attraction {unknown}
 q - 3 potions of might
 v - 2 potions of mutation {unknown}
 A - 2 potions of cancellation {unknown}
 B - 2 potions of invisibility {unknown}
 C - a potion of brilliance {unknown}


   Skills:
 + Level 6.8 Fighting
 + Level 7.5 Armour
 + Level 6.3 Dodging
 - Level 1.7 Stealth
 * Level 5.9 Shields
 - Level 5.0 Spellcasting
 - Level 5.0 Conjurations
 + Level 6.7 Earth Magic


You had 13 spell levels left.
You knew the following spells:

 Your Spells              Type           Power      Damage    Failure   Level
a - Sandblast             Erth           70%        2d15      19%         1
b - Passwall              Erth           35%        N/A       50%         3
c - Stone Arrow           Conj/Erth      62%        3d10      61%         3

Your spell library contained the following spells:

 Spells                   Type           Power      Damage    Failure   Level
 Foxfire                  Conj/Fire      64%        2x1d7     71%         1
 Shock                    Conj/Air       64%        1d7       71%         1
 Brom's Barrelling Bould  Conj/Erth      31%        2d5       95%         4
 Ensorcelled Hibernation  Hex/Ice        10%        N/A       99%         2
 Call Canine Familiar     Summ           5%         N/A       100%        3
 Fugue of the Fallen      Necr           5%         N/A       100%        3
 Ozocubu's Armour         Ice            5%         N/A       100%        3
 Sigil of Binding         Hex            5%         N/A       100%        3
 Swiftness                Air            5%         N/A       100%        3
 Dimensional Bullseye     Hex/Tloc       2%         N/A       100%        4
 Manifold Assault         Tloc           5%         N/A       100%        4
 Petrify                  Alch/Erth      20%        N/A       100%        4


Dungeon Overview and Level Annotations

Branches:
Dungeon (8/15)             Temple (0/1) D:6          Bailey (visited)
   Lair: D:8-11

Altars:
Fedhas
Hepliaklqana
Nemelex Xobeh
Sif Muna
Trog
Wu Jian

Shops:
D:7 *


Innate Abilities, Weirdness & Mutations

You have a pair of antennae on your head.
You are mostly covered in molten scales. (AC +3)
A demonic guardian rushes to your aid.
You regenerate a little health from kills.


Message History

The deep elf pyromancer closely misses you.
Your magical contamination has completely faded away.
You sock the deep elf pyromancer!
Your weapon exudes an aura of protection.
The deep elf pyromancer is severely wounded.
The deep elf pyromancer gestures at you while chanting.
The pyre arrow hits you.
You are covered in intense liquid fire!
You block the deep elf pyromancer's attack.
You closely miss the deep elf pyromancer.
The deep elf pyromancer is heavily wounded.
The liquid fire burns you!
The deep elf pyromancer hits you but does no damage.
You partially resist.
You block the deep elf pyromancer's attack.
You sock the deep elf pyromancer!
The deep elf pyromancer is severely wounded.
The liquid fire burns you!
You block the deep elf pyromancer's attack. x2
You hit the deep elf pyromancer.
The deep elf pyromancer is almost dead.
The liquid fire burns you!
* * * LOW HITPOINT WARNING * * *
A demonic guardian appears!
You block the deep elf pyromancer's attack. x2
Casting: Stone Arrow (dangerous; 61% risk of failure)
Confirm with . or Enter, or press ? or * to list all spells.
Aiming: Stone Arrow (dangerous; 61% risk of failure)
Press: ? - help, Shift-Dir - straight line, f/p - deep elf pyromancer
Aim: a deep elf pyromancer, wielding a +1 dagger of draining and wearing a +0 chain mail (almost dead, ally target, 71% to hit)
You miscast Stone Arrow.
You are very lightly contaminated with residual magic.
Sand pours from your hands. The liquid fire burns you!
* * * LOW HITPOINT WARNING * * *
You block the deep elf pyromancer's attack.
You barely miss the deep elf pyromancer.
The deep elf pyromancer is almost dead.
The liquid fire burns you!
You die...

#......# #####.######.#...
#......# #.# #.#.)#
#......# #####.# #.#..#
#......###.[...######.#).#
##......[......#.........#
###............##.####....#
#.....~....~...........)..#
#.............###.........#
#.......~3@...####......###
#.......~~e.............# #
####...[.......###......###
#...~....~...# #......##.
###### #............#
#####'#### .....#
#............###***#.#
.....#
#..............#,,,#.####
.....#
###............#,,,#....#
##...#
#............#...####.#


You could see a deep elf pyromancer (ally target) and a friendly soul eater
(summoned).

Vanquished Creatures
  2 two-headed ogres (D:8)
  Amaemon (D:8)
  An orange demon (D:8)
  Prince Ribbit (D:5)
  Sigmund (D:4)
  A wyvern (D:8)
  A yak (D:8)
  6 orc warriors
  2 sky beasts (D:8)
  A black bear (D:8)
  3 ogres
  2 phantoms
  5 bullfrogs
  A gnoll sergeant (D:8)
  3 scorpions
  7 wights
  2 howler monkeys (D:8)
  The ghost of Newt the Shooter, a weakling KoHu of Hepliaklqana (D:4)
  A crimson imp (D:6)
  7 hounds
  4 orc priests
  3 sleepcaps
  2 iguanas
  Ijyb (D:5)
  4 orc wizards
  8 adders
  A shadow imp (D:5)
  3 white imps
  A ribbon worm (D:3)
  2 dart slugs (D:1)
  36 orcs
  10 ball pythons
  4 bats
  6 endoplasms
  2 giant cockroaches
  13 goblins
  7 hobgoblins
  4 jackals (D:2)
  7 kobolds
  5 quokkas
  3 frilled lizards
  3 rats
178 creatures vanquished.

Vanquished Creatures (collateral kills)
  A centaur warrior (D:8)
  A cyclops (D:8)
  An ugly thing (D:8)
  Jeremiah (D:8)
  Psyche (D:8)
  A hornet (D:8)
  3 steam dragons
  A sky beast (D:6)
  A wight (D:6)
  2 orc priests
  2 iguanas (D:4)
  A sleepcap (D:8)
  2 orc wizards
  5 orcs
23 creatures vanquished.

Vanquished Creatures (others)
  A howler monkey (D:7)
  An iguana (D:6)
2 creatures vanquished.

Grand Total: 203 creatures vanquished

Notes
Turn   | Place    | Note
-------+----------+-------------------------------------------
     0 | D:1      | voltaire321 the Demonspawn Earth Elementalist began the
                  | quest for the Orb.
     0 | D:1      | Reached XP level 1. HP: 13/13 MP: 3/3
   297 | D:1      | Gained mutation: You regenerate a little health from kills.
                  | [demonic ancestry]
   297 | D:1      | Reached XP level 2. HP: 17/20 MP: 0/5
  1185 | D:2      | Reached skill level 1 in Armour
  1200 | D:2      | Gained mutation: You are partially covered in molten
                  | scales. (AC +2) [demonic ancestry]
  1200 | D:2      | Reached XP level 3. HP: 25/25 MP: 2/6
  1301 | D:2      | Reached skill level 1 in Fighting
  2258 | D:3      | Gained mutation: A weak demonic guardian rushes to your
                  | aid. [demonic ancestry]
  2258 | D:3      | Reached XP level 4. HP: 32/32 MP: 5/7
  2466 | D:3      | Found an ornate altar of the Wu Jian Council.
  2508 | D:3      | Became a worshipper of the Wu Jian Council
  2855 | D:3      | Found a shimmering blue altar of Sif Muna.
  2867 | D:3      | Learned a level 3 spell: Passwall
  2880 | D:3      | Got Sif Muna's Meditations on Combustion
  2882 | D:3      | Got Sif Muna's Grimoire of Impulse
  3156 | D:4      | Reached skill level 2 in Armour
  3156 | D:4      | Gained mutation: You are mostly covered in molten scales.
                  | (AC +3) [demonic ancestry]
  3156 | D:4      | Reached XP level 5. HP: 37/37 MP: 3/8
  3214 | D:4      | Identified the +0 short sword of Cowardice {venom, rPois}
  3277 | D:4      | Noticed an ogre
  3283 | D:4      | Killed an ogre
  3380 | D:4      | Noticed Sigmund
  3394 | D:4      | Killed Sigmund
  3395 | D:4      | Reached skill level 3 in Armour
  3395 | D:4      | Reached XP level 6. HP: 43/45 MP: 10/10
  3479 | D:4      | Reached XP level 7. HP: 51/51 MP: 11/11
  3496 | D:4      | Noticed Newt's ghost (weakling KoHu)
  3500 | D:4      | Found a runed translucent door.
  3525 | D:4      | Learned a level 3 spell: Stone Arrow
  3581 | D:4      | Found a bloodstained altar of Trog.
  3759 | D:4      | Identified the +7 mace "Loopy" {protect, *Noise rElec SInv}
  3894 | D:4      | Killed Newt's ghost
  3968 | D:5      | Entered Level 5 of the Dungeon
  3997 | D:5      | Reached * piety under Wu Jian
  4100 | D:5      | Noticed Prince Ribbit
  4119 | D:5      | Killed Prince Ribbit
  4120 | D:5      | Reached skill level 4 in Armour
  4207 | D:5      | Gained mutation: A demonic guardian rushes to your aid.
                  | [demonic ancestry]
  4207 | D:5      | Reached XP level 8. HP: 58/58 MP: 11/13
  4482 | D:5      | Noticed Ijyb
  4490 | D:5      | Killed Ijyb
  4851 | D:6      | Found a staircase to the Ecumenical Temple.
  4940 | D:6      | Reached skill level 5 in Armour
  5207 | D:6      | Reached ** piety under Wu Jian
  5276 | D:6      | Reached XP level 9. HP: 64/66 MP: 13/15
  5546 | D:7      | Found a flagged portal.
  5553 | D:7      | Reached skill level 5 in Earth Magic
  5565 | Bailey   | Entered a bailey
  5750 | Bailey   | Noticed an orc knight
  5759 | Bailey   | Reached skill level 6 in Armour
  5759 | Bailey   | Noticed an orc knight
  5911 | D:7      | Found Ea-nāṣir's Fine Metal Goods.
  5916 | D:7      | Bought a slimy tower shield for 294 gold pieces
  5916 | D:7      | Identified the +4 tower shield of Zatsoxul {rPois rN+
                  | Dex+2} (You bought it in a shop on level 7 of the Dungeon)
  6068 | D:7      | Reached skill level 5 in Fighting
  6068 | D:7      | Reached skill level 1 in Shields
  6241 | D:7      | Found a hazy altar of Hepliaklqana.
  6253 | D:7      | Reached *** piety under Wu Jian
  6440 | D:7      | Found a blossoming altar of Fedhas.
  6533 | D:8      | Reached skill level 5 in Dodging
  6533 | D:8      | Reached skill level 5 in Spellcasting
  6533 | D:8      | Reached skill level 5 in Conjurations
  6635 | D:8      | Noticed a two-headed ogre
  6647 | D:8      | Killed a two-headed ogre
  6648 | D:8      | Gained mutation: You have a pair of small antennae on your
                  | head. [demonic ancestry]
  6648 | D:8      | Reached XP level 10. HP: 52/74 MP: 17/17
  6717 | D:8      | Noticed Jeremiah
  6791 | D:8      | Noticed Amaemon
  6793 | D:8      | Noticed an orange demon
  6805 | D:8      | Killed Amaemon
  6809 | D:8      | Killed an orange demon
  6930 | D:8      | Noticed Psyche
  6998 | D:8      | Killed Psyche
  7057 | D:8      | Noticed a two-headed ogre
  7062 | D:8      | Noticed a centaur warrior
  7070 | D:8      | Killed a two-headed ogre
  7071 | D:8      | Reached skill level 7 in Armour
  7078 | D:8      | Noticed a cyclops
  7080 | D:8      | Killed a centaur warrior
  7081 | D:8      | Reached skill level 5 in Shields
  7082 | D:8      | Noticed a deep elf pyromancer
  7086 | D:8      | Killed a cyclops
  7265 | D:8      | Killed Jeremiah
  7265 | D:8      | Reached **** piety under Wu Jian
  7340 | D:8      | Gained mutation: You have a pair of antennae on your head.
                  | [demonic ancestry]
  7340 | D:8      | Reached XP level 11. HP: 81/82 MP: 7/18
  7544 | D:8      | Identified the amulet "Zauses" {RegenMP +Blink Will+ Str-4}
  7567 | D:8      | Noticed a red ugly thing
  7574 | D:8      | Killed a red ugly thing
  7728 | D:8      | Found a sparkling altar of Nemelex Xobeh.
  7869 | D:8      | Incinerated by a deep elf pyromancer

Illustrated notes

Levels and vault maps discovered:
D:1:      roderic_dead_forest, layout_loops_corners, serial_rivers,
          chequers_serial_rivers_small_a, chequers_serial_rivers_micro_a,
          chequers_serial_rivers_micro_a, chequers_serial_rivers_small_a
D:2:      layout_loops_ring
D:3:      layout_loops_ring, nicolae_sif_muna_little_library,
          nicolae_wu_jian_glorious_leap
D:4:      layout_loops_ring, marbit_many_paths, hellmonk_ghost_happy_afterlife,
          uniq_sigmund
D:5:      layout_basic, grunt_decor_one_mirror, uniq_prince_ribbit1, uniq_ijyb
D:6:      layout_cave_pools, minmay_temple_entry_statues_fountains,
          minmay_fire_ice_demons
D:7:      layout_rooms, lemuel_round_altar, mainiacjoe_overflow_catwalk,
          kennysheep_mini, enter_bailey_5, nicolae_ea-nasir_strikes_again,
          nicolae_tricolors
D:8:      layout_basic, kennysheep_mini_moat, skrybe_limestone_x,
          palyth_stone_intersect, minmay_the_grid_2x2
          [minmay_the_grid_broken_lines, minmay_the_grid_embedded,
          minmay_the_grid_zigzag_pyramid, minmay_the_grid_prize_big_room],
          uniq_psyche, uniq_amaemon, uniq_jeremiah

Skill      XL: |  1  2  3  4  5  6  7  8  9 10 |
---------------+-------------------------------+-----
Dodging        | 2 3 4 5 6 |  6.3
Armour         | 1 2 3 4 5 6 7 |  7.5
Fighting       | 1 2 3 4 5 6 |  6.8
Earth Magic    | 3 4 5 6 |  6.7
Conjurations   | 2 3 4 5 |  5.0
Spellcasting   | 3 4 5 |  5.0
Shields        | 2 5 |  5.9
Stealth        | |  1.7

Action                     |  1- 3 |  4- 6 |  7- 9 | 10-12 || total
---------------------------+-------+-------+-------+-------++-------
  Melee: Whip              |    40 |    52 |    25 |       ||   117
         Dagger            |     6 |       |       |       ||     6
         Mace              |       |       |   242 |   224 ||   466
         Punch             |       |       |     3 |       ||     3
         Unarmed           |       |       |       |     4 ||     4
   Cast: Sandblast         |    48 |    25 |    50 |     8 ||   131
         Passwall          |       |     2 |       |       ||     2
         Stone Arrow       |       |       |    13 |     2 ||    15
Ability: Lunge             |       |       |    12 |     7 ||    19
         Whirlwind         |       |       |     4 |    17 ||    21
  Evoke: Wand              |       |     2 |     3 |     1 ||     6
    Use: Scroll            |       |       |     1 |     4 ||     5
         Potion            |       |       |       |     1 ||     1
 Armour: Ring mail         |    38 |    43 |   325 |   175 ||   581
         Skin              |       |       |       |     3 ||     3
  Dodge: Dodged            |    36 |    31 |   284 |    79 ||   430
  Block: Tower shield      |       |       |    92 |   299 ||   391

Table legend: (Time is in decaauts)
 A = Elapsed time spent in this place.
 B = Non-inter-level travel time spent in this place.
 C = Inter-level travel time spent in this place.
 D = Time resting spent in this place.
 E = Time spent auto-exploring this place.
 F = Levels seen in this place.
 G = Mean time per level.
                   A        B        C        D        E       F      G
               +--------+--------+--------+--------+--------+-----+--------+
         Total |   8230 |   8082 |    148 |   1085 |   4546 |   9 |  914.4 |
       Dungeon |   7972 |   7824 |    148 |   1061 |   4514 |   8 |  996.5 |
        Bailey |    258 |    258 |      0 |     24 |     32 |   1 |  258.0 |
               +--------+--------+--------+--------+--------+-----+--------+

Top non-repeatable levels by time:
     D:8: 1504 daAuts
     D:1: 1163 daAuts
     D:3: 987 daAuts
     D:4: 986 daAuts
     D:5: 911 daAuts
     D:2: 884 daAuts
     D:7: 812 daAuts
     D:6: 722 daAuts
  Bailey: 258 daAuts
